 Dungeon Crawl Stone Soup version 0.17.0-23-g0de4337 (webtiles) character file.

1220 septik the Twirler (level 8, 0/51 HPs)
             Began as a Gargoyle Gladiator on Nov 14, 2015.
             Was a Believer of Okawaru.
             Slain by Prince Ribbit (17 damage)
             ... on level 6 of the Dungeon.
             The game lasted 00:09:45 (3913 turns).

septik the Twirler (Gargoyle Gladiator)             Turns: 3913, Time: 00:09:45

Health: 0/51       AC: 17    Str: 19    XL:     8   Next: 47%
Magic:  8/8        EV: 16    Int: 10    God:    Okawaru [**....]
Gold:   101        SH:  0    Dex: 11    Spells: 0 memorised, 7 levels left

rFire  . . .     SeeInvis .     I - +2 quarterstaff (chaos)
rCold  . . .     Clarity  +     i - +0 chain mail
rNeg   + . .     SustAt   .     (shield currently unavailable)
rPois  ∞         Gourm    .     c - +0 helmet
rElec  +         Spirit   .     F - +0 cloak
rCorr  .         Warding  .     (no gloves)
rMut   .         Stasis   .     (no boots)
MR     .....                    E - amulet of clarity
Stlth  ..........               v - +5 ring of evasion
                                s - +3 ring of evasion

@: not resistant to hostile enchantments, extremely unstealthy
A: negative energy resistance 1, electricity resistance, unbreathing,
petrification resistance, rot immunity, AC +5
a: Heroism, Renounce Religion


You were on level 6 of the Dungeon.
You worshipped Okawaru.
Okawaru was pleased with you.
You were hungry.

You visited 2 branches of the dungeon, and saw 7 of its levels.

You collected 247 gold pieces.
You spent 146 gold pieces at shops.

Inventory:

Hand Weapons
 a - a +0 quarterstaff
 k - a +1 whip of draining
 I - a +2 quarterstaff of chaos (weapon)
Missiles
 d - 4 throwing nets (quivered)
Armour
 b - a +0 leather armour
 c - a +0 helmet (worn)
 i - a +0 chain mail (worn)
 F - a +0 cloak (worn)
Jewellery
 r - an uncursed amulet of guardian spirit
 s - a +3 ring of evasion (left hand)
 v - a +5 ring of evasion (right hand)
 E - an amulet of clarity (around neck)
 G - an uncursed ring of protection from magic
Wands
 H - a wand of digging (16)
Scrolls
 f - 5 scrolls of identify {unknown}
 g - 3 scrolls of enchant weapon {unknown}
 m - 2 scrolls of blinking {unknown}
 o - 4 scrolls of remove curse {unknown}
 q - a scroll of enchant armour {unknown}
 x - 2 scrolls of teleportation {unknown}
 y - 5 scrolls of random uselessness {unknown}
 B - a scroll of magic mapping {unknown}
 C - 2 scrolls of recharging {unknown}
 D - 2 scrolls of amnesia {unknown}
Potions
 h - a potion of agility {unknown}
 j - a potion of cure mutation {unknown}
 n - 2 potions of magic {unknown}
 p - a potion of cancellation {unknown}
 t - 2 potions of lignification {unknown}
 w - 6 potions of curing {unknown}
 z - a potion of haste {unknown}
 A - 2 potions of heal wounds
Comestibles
 e - 5 bread rations
 l - 4 meat rations
 u - a royal jelly
 J - 2 slices of pizza


   Skills:
 + Level 6.0 Fighting
 * Level 7.6 Staves
 - Level 1.7 Throwing
 + Level 4.9 Armour
 - Level 2.4 Dodging


You had 7 spell levels left.
You didn't know any spells.

Dungeon Overview and Level Annotations

Branches:
Dungeon (6/15)             Temple (1/1) D:4

Altars:
Ashenzari
Cheibriados
Dithmenos
Elyvilon
Fedhas
Gozag
Kikubaaqudgha
Makhleb
Okawaru
Qazlal
Ru
Sif Muna
Trog
Vehumet
Xom
Yredelemnul
Zin
The Shining One

Shops:
D:5 *!

Annotations:
D:4 septik's ghost, amateur GrGl
D:6 Prince Ribbit


Innate Abilities, Weirdness & Mutations

You are resistant to torment.
Your stone body is resilient (AC +5).
You are immune to poison.
You resist negative energy.
You are resistant to electric shocks.
You can survive without breathing.
You are immune to petrification.
You are immune to rotting.


Message History

Prince Ribbit is lightly wounded.
Prince Ribbit hits you but does no damage. x2
You sock Prince Ribbit!
Prince Ribbit is moderately wounded.
Prince Ribbit completely misses you.
Prince Ribbit hits you but does no damage.
You hit Prince Ribbit. You burn Prince Ribbit.
Prince Ribbit is heavily wounded.
Prince Ribbit closely misses you. Prince Ribbit hits you!!
You are too injured to fight recklessly!
You are too injured to fight recklessly!
You are too injured to fight recklessly!
You are too injured to fight recklessly!
You are too injured to fight recklessly!
You are too injured to fight recklessly!
You thump Prince Ribbit!
Prince Ribbit flickers and vanishes!
Deactivating autopickup; reactivate with Ctrl-A.
Something hits you but does no damage.
You sock something! Something hits you!
You die...

.###..............#
##.#######...
###............(..# #..#
#......
##................###.##
#......
...................#..#
#......
..(>.(.............#.##
###....
.....................#
###..
....................##
###
....................#
#...............@...#
#...............{...#
#..................##
##.................#
##................##
##...............##
.##.............##
..#.............##
...##.........#..##


There were no monsters in sight!

Vanquished Creatures
  A water moccasin (D:5)
  A black bear (D:6)
  An ice beast (D:6)
  A centaur (D:5)
  A giant frog (D:4)
  4 wights (D:6)
  A crimson imp (D:6)
  2 orc priests (D:3)
  A quasit (D:3)
  3 orc wizards
  Crazy Yiuf (D:6)
  A hound (Temple)
  A giant frog skeleton (D:6)
  An iguana (D:6)
  3 worker ants
  2 hound skeletons (D:6)
  4 gnolls (D:5)
  2 river rats (D:6)
  6 adders
  An adder skeleton (D:3)
  An adder zombie (D:6)
  2 worms (D:2)
  2 giant geckos
  8 orcs
  2 ball pythons
  5 goblins
  3 hobgoblins (D:2)
  3 jackals (D:2)
  6 kobolds
  5 quokkas
  11 bats
  3 giant cockroaches
  2 giant newts
  37 rats
128 creatures vanquished.

Notes
Turn   | Place    | Note
--------------------------------------------------------------
     0 | D:1      | septik the Gargoyle Gladiator began the quest for the Orb.
     0 | D:1      | Reached XP level 1. HP: 12/12 MP: 1/1
   200 | D:1      | Reached XP level 2. HP: 15/18 MP: 2/2
   491 | D:2      | Found a shimmering altar of Xom.
   540 | D:2      | Found an opulent altar of Gozag.
   559 | D:2      | Reached skill level 1 in Armour
   603 | D:2      | Reached XP level 3. HP: 22/22 MP: 3/3
   648 | D:2      | Found a sacrificial altar of Ru.
   677 | D:2      | Reached XP level 4. HP: 20/28 MP: 4/4
   900 | D:2      | Reached skill level 4 in Staves
   934 | D:2      | Found a snail-covered altar of Cheibriados.
   945 | D:2      | Found a glowing silver altar of Zin.
   950 | D:2      | Found a white marble altar of Elyvilon.
   962 | D:2      | Found a shadowy altar of Dithmenos.
   967 | D:2      | Found a basalt altar of Yredelemnul.
   974 | D:2      | Found a glowing golden altar of the Shining One.
   979 | D:2      | Found a radiant altar of Vehumet.
  1026 | D:3      | Reached XP level 5. HP: 29/32 MP: 5/5
  1429 | D:4      | Reached skill level 5 in Staves
  1429 | D:4      | Reached XP level 6. HP: 36/38 MP: 4/6
  1445 | D:4      | Noticed septik's ghost (amateur GrGl)
  1496 | D:4      | Found a staircase to the Ecumenical Temple.
  1503 | Temple   | Entered the Ecumenical Temple
  1733 | Temple   | Became a worshipper of Warmaster Okawaru
  1807 | D:4      | Noticed a moth of wrath
  1810 | D:4      | Found a bloodstained altar of Trog.
  1861 | D:5      | Entered Level 5 of the Dungeon
  1982 | D:5      | Noticed a water moccasin
  1999 | D:5      | Killed a water moccasin
  1999 | D:5      | Reached XP level 7. HP: 32/44 MP: 5/7
  2082 | D:5      | Found Zyffith's Distillery.
  2090 | D:5      | Bought a potion of heal wounds for 50 gold pieces
  2090 | D:5      | Bought a potion of heal wounds for 50 gold pieces
  2327 | D:5      | Found Zojoawo's Assorted Antiques.
  2337 | D:5      | Reached * piety under Okawaru
  2337 | D:5      | Reached skill level 6 in Staves
  2362 | D:5      | Bought a scroll labeled RESHASM PYTUKH for 23 gold pieces
  2362 | D:5      | Bought a scroll labeled LOTWIN VIUGELO for 23 gold pieces
  2706 | D:6      | Reached skill level 5 in Fighting
  2742 | D:6      | Noticed Prince Ribbit
  3042 | D:6      | Reached XP level 8. HP: 23/50 MP: 8/8
  3288 | D:6      | Reached skill level 7 in Staves
  3462 | D:6      | Noticed Crazy Yiuf
  3470 | D:6      | Killed Crazy Yiuf
  3557 | D:6      | Reached ** piety under Okawaru
  3913 | D:6      | Slain by Prince Ribbit

Action                   |  1- 3 |  4- 6 |  7- 9 || total
-------------------------+-------+-------+-------++-------
Melee: Quarterstaff      |    41 |       |    97 ||   138
       Whip              |    53 |   225 |   194 ||   472
Throw: Throwing net      |       |       |     9 ||     9
  Use: Potion            |       |       |     1 ||     1
 Stab: Paralysed         |       |     2 |       ||     2
       Held in net/web   |       |       |     1 ||     1
  Eat: Chunk             |       |     4 |     6 ||    10
